 Dungeon Crawl Stone Soup version 0.25.0-10-g039870ee82 (webtiles) character file.

Game seed: 6687277448259318697

91 mopl the Sneak (level 4, 0/27 HPs)
             Began as an Octopode Enchanter on June 22, 2020.
             Slain by a kobold
             ... wielding a +0 dagger
              (5 damage)
             ... on level 3 of the Dungeon.
             The game lasted 00:01:55 (1431 turns).

mopl the Sneak (Octopode Enchanter)                 Turns: 1431, Time: 00:01:55

Health: 0/27       AC:  1    Str:  7    XL:     4   Next: 59%
Magic:  8/8        EV: 13    Int: 17    God:
Gold:   64         SH:  0    Dex: 13    Spells: 2/8 levels left

rFire    . . .     SeeInvis .   a - +1 dagger
rCold    . . .     Gourm    .   (no shield)
rNeg     . . .     Faith    .   (helmet restricted)
rPois    .         Spirit   .   e - amulet of magic regeneration
rElec    .         Reflect  .   (no ring)
rCorr    .         Harm     .   (no ring)
MR       .....                  (no ring)
Stlth    ++++......             (no ring)
HPRegen  0.09/turn              (no ring)
MPRegen  0.36/turn              (no ring)
                                (no ring)
                                (no ring)

@: no status effects
A: almost no armour, stealthy swim, amphibious, 8 rings, constrict 8, camouflage
1, gelatinous body 1
a: no special abilities


You were on level 3 of the Dungeon.
You were not hungry.

You visited 1 branch of the dungeon, and saw 3 of its levels.

You collected 64 gold pieces.

Inventory:

Hand Weapons
 a - a +1 dagger (weapon)
Missiles
 i - 16 poisoned darts (quivered)
Jewellery
 e - an amulet of magic regeneration (around mantle)
Wands
 j - a wand of random effects (16)
Scrolls
 d - 2 scrolls of identify {unknown}
Potions
 f - 2 potions of degeneration {unknown}
 g - a potion of might {unknown}
 h - a potion of stabbing {unknown}
 k - a potion of curing {unknown}
Comestibles
 b - 11 chunks of flesh
 c - 2 rations


   Skills:
 - Level 1.0 Short Blades
 - Level 2.0 Dodging
 * Level 5.1 Stealth
 * Level 2.9 Spellcasting
 * Level 3.8 Hexes
 + Level 1.0 Ice Magic


You had 2 spell levels left.
You knew the following spells:

 Your Spells              Type           Power        Failure   Level  Hunger
a - Corona                Hex            ###....      3%          1    #......
b - Ensorcelled Hibernat  Hex/Ice        ##....       10%         2    ##.....
d - Tukima's Dance        Hex            ###.....     11%         3    ###....

Your spell library contained the following spells:

 Spells                   Type           Power        Failure   Level  Hunger
 Confusing Touch          Hex            ###.....     11%         3    ###....
 Dazzling Flash           Conj/Hex       #.....       24%         3    ###....


Dungeon Overview and Level Annotations

Branches:
Dungeon (2/15)

Altars:
Nemelex Xobeh


Innate Abilities, Weirdness & Mutations

You cannot wear most types of armour.
You are very stealthy in the water. (Stealth+)
You are amphibious.
You can wear up to eight rings at the same time.
You can use your tentacles to constrict eight enemies at once.
Your skin changes colour to match your surroundings (Stealth+).
Your rubbery body absorbs attacks. (AC +1, EV +1)


Message History

You hit Terence but do no damage.
Terence is almost dead.
You constrict Terence, but do no damage.
The bat barely misses you. The quokka barely misses you.
An orc comes into view.
The kobold hits you with a +0 dagger.
* * * LOW HITPOINT WARNING * * *
The quokka bites you.
* * * LOW HITPOINT WARNING * * *
You barely miss Terence. You squeeze Terence.
Terence is almost dead.
You constrict Terence.
You kill Terence!
Your Stealth skill increases to level 5!
Your Ice Magic skill increases to level 1!
The bat hits you.
* * * LOW HITPOINT WARNING * * *
An orc comes into view. It is wielding a -1 hand axe.
The kobold hits you with a +0 dagger.
You die...

## ####
...#...##
........##
.....$...#
....(...b#
......K@.#
.o....r........
..o#...#####.#.
. ####


You could see 2 orcs, a quokka, a bat and a kobold.

Vanquished Creatures
  Terence (D:3)
  2 adders (D:2)
  A worm (D:2)
  2 dart slugs
  4 giant cockroaches
  5 goblins
  6 hobgoblins
  3 quokkas (D:2)
  A ball python (D:2)
  5 bats
  2 frilled lizards (D:2)
  3 kobolds (D:1)
  6 rats
41 creatures vanquished.

Notes
Turn   | Place    | Note
-------+----------+-------------------------------------------
     0 | D:1      | mopl the Octopode Enchanter began the quest for the Orb.
     0 | D:1      | Reached XP level 1. HP: 11/11 MP: 3/3
   125 | D:1      | Reached XP level 2. HP: 16/17 MP: 5/5
   132 | D:1      | Learned a level 2 spell: Ensorcelled Hibernation
   832 | D:2      | Found a sparkling altar of Nemelex Xobeh.
   855 | D:2      | Reached XP level 3. HP: 21/21 MP: 6/6
   941 | D:2      | Learned a level 3 spell: Tukima's Dance
  1318 | D:2      | Reached XP level 4. HP: 25/27 MP: 8/8
  1422 | D:2      | You fall into a shaft and drop 1 floor!
  1423 | D:3      | Noticed Terence
  1431 | D:3      | Killed Terence
  1431 | D:3      | Reached skill level 5 in Stealth
  1431 | D:3      | Reached skill level 1 in Ice Magic
  1431 | D:3      | Slain by a kobold

Illustrated notes

Levels and vault maps discovered:
D:1:      lightli_arrival_boilingwater, layout_basic
D:2:      layout_loops_ring, nemelex_xobeh_ov_fountains_minmay
D:3:      layout_rooms, minmay_fractal_squares_diagonal_5, uniq_robin,
          uniq_terence, uniq_crazy_yiuf_cottage

Skill      XL: |  1  2  3  4 |
---------------+-------------+-----
Stealth        | 5 |  5.1
Ice Magic      | 1 |  1.0
Short Blades   | |  1.0
Dodging        | |  2.0
Spellcasting   | |  2.9
Hexes          | |  3.8

Action                   |  1- 3 |  4- 6 || total
-------------------------+-------+-------++-------
Melee: Dagger            |    74 |    16 ||    90
       Constrict         |    17 |     2 ||    19
       Tentacles         |     8 |     3 ||    11
 Cast: Corona            |     1 |       ||     1
       Ensorcelled Hiber |     2 |       ||     2
 Stab: Sleeping          |    16 |     4 ||    20
  Eat: Chunk             |     1 |     1 ||     2
Armor: Skin              |     6 |       ||     6
Dodge: Dodged            |    38 |    15 ||    53
